 Seeded DCSS version 0.29-a0-352-g0917bc69df (webtiles) character file.

Game seed: 1450950038153131384 (custom seed)

15140 oldmanjim the Whirler (level 11, 0/53 HPs)
             Began as a Spriggan Warper on Apr 23, 2022.
             Was a High Priest of Wu Jian.
             Slain by a black mamba (18 damage)
             ... on level 1 of the Lair of Beasts.
             The game lasted 01:47:55 (13198 turns).

oldmanjim the Whirler (Spriggan Warper)            Turns: 13198, Time: 01:47:56

Health: 0/53       AC:  5    Str:  7    XL:     11   Next: 97%
Magic:  20/21      EV: 22    Int: 13    God:    Wu Jian [*****.]
Gold:   865        SH:  8    Dex: 16    Spells: 13/22 levels left

rFire   + + .      SeeInvis +   b - +10 hunting sling of Nunluomy {venom, *Slow rPois rC+++ Int-5}
rCold   + + .      Faith    .   A - +1 buckler
rNeg    . . .      Spirit   .   r - +0 steam dragon scales
rPois   +          Reflect  .   (helmet restricted)
rElec   .          Harm     .   (no cloak)
rCorr   .          Rampage  .   (gloves unavailable)
Will    +....                   (boots unavailable)
Stlth   ++++......              (no amulet)
HPRegen 0.17/turn               M - ring of fire
MPRegen 0.17/turn               I - ring of protection from fire

@: studying Shields, very quick
A: very small, no large weapons, unfitting armour, see invisible, speed 3
a: Renounce Religion, Wall Jump, Serpent's Lash, Heavenly Storm


You were on level 1 of the Lair of Beasts.
You worshipped Wu Jian.
Wu Jian was extremely pleased with you.
You visited 3 branches of the dungeon, and saw 12 of its levels.
You also visited: Volcano.

You collected 942 gold pieces.
You spent 77 gold pieces at shops.

Inventory:

Hand Weapons
 a - a +2 dagger of venom
 b - the +10 hunting sling of Nunluomy (weapon) {venom, *Slow rPois rC+++ Int-5}
   (You found it on level 4 of the Dungeon)

   Any ammunition fired from it poisons the flesh of those it strikes.
   Int:       It affects your intelligence (-5).
   rC:        It renders you almost immune to cold.
   rPois:     It protects you from poison.
   *Slow:     It may slow you when you take damage.
 p - a +0 short sword
Missiles
 d - 4 boomerangs of dispersal
 o - 216 stones
 E - 5 poisoned darts
 K - 5 boomerangs
 O - 4 throwing nets
Armour
 r - +0 steam dragon scales (worn)
 z - a +0 robe
 A - a +1 buckler (worn)
Magical Staves
 k - a staff of death
 N - a staff of earth
Jewellery
 g - a ring of positive energy
 i - a +6 ring of dexterity
 u - a ring of protection from cold
 D - a ring of ice
 I - a ring of protection from fire (right hand)
 M - a ring of fire (left hand)
 S - a ring of positive energy
Wands
 h - a wand of iceblast (30)
 B - a wand of paralysis (7)
 H - a wand of digging (9)
 P - a wand of mindburst (18)
 Q - a wand of charming (9)
 R - a wand of polymorph (5)
Scrolls
 e - 5 scrolls of teleportation
 l - 5 scrolls of enchant armour
 q - a scroll of fear
 v - 3 scrolls of fog
 w - a scroll of silence
 T - a scroll of identify
Potions
 f - 2 potions of flight
 j - a potion of invisibility
 m - 3 potions of haste
 n - 2 potions of berserk rage
 s - 3 potions of might {unknown}
 t - 2 potions of cancellation
 x - 6 potions of curing
 C - 3 potions of heal wounds
 F - a potion of magic {unknown}
 G - a potion of brilliance
 J - a potion of lignification {unknown}
Miscellaneous
 L - a lightning rod (4/4)


   Skills:
 - Level 4.0 Fighting
 - Level 2.1 Short Blades
 - Level 15.9(16.0) Slings
 - Level 1.0(8.8) Throwing
 + Level 9.6 Dodging
 - Level 7.0 Stealth
 - Level 5.0 Shields
 - Level 6.0 Spellcasting
 - Level 7.0 Translocations
 + Level 4.7 Transmutations
 + Level 0.5 Earth Magic
 - Level 5.0 Evocations


You had 13 spell levels left.
You knew the following spells:

 Your Spells              Type           Power      Damage    Failure   Level
a - Blink                 Tloc           44%        N/A       2%          2
b - Teleport Other        Tloc           22%        N/A       5%          3
c - Petrify               Tmut/Erth      10%        N/A       73%         4

Your spell library contained the following spells:

 Spells                   Type           Power      Damage    Failure   Level
 Gell's Gravitas          Tloc           22%        N/A       5%          3
 Lesser Beckoning         Tloc           22%        N/A       5%          3
 Portal Projectile        Hex/Tloc       26%        N/A       22%         3
 Animate Skeleton         Necr           6%         N/A       32%         1
 Pain                     Necr           12%        1d4       32%         1
 Summon Small Mammal      Summ           12%        N/A       32%         1
 Corpse Rot               Necr/Air       6%         N/A       43%         2
 Poisonous Vapours        Pois/Air       6%         N/A       43%         2
 Manifold Assault         Tloc           22%        N/A       45%         5
 Dazzling Flash           Conj/Hex       6%         N/A       67%         3
 Swiftness                Air            3%         N/A       67%         3
 Vampiric Draining        Necr           3%         2d6       67%         3
 Blade Hands              Tmut           8%         N/A       78%         5
 Dispersal                Tloc           11%        N/A       95%         6
 Leda's Liquefaction      Hex/Erth       2%         N/A       96%         4
 Agony                    Necr           3%         N/A       100%        5
 Excruciating Wounds      Necr           1%         N/A       100%        5
 Fireball                 Conj/Fire      2%         3d4       100%        5
 Lee's Rapid Deconstruct  Erth           2%         3d6*      100%        5
 Silence                  Hex/Air        1%         N/A       100%        5
 Starburst                Conj/Fire      2%         6d3       100%        6
 Statue Form              Tmut/Erth      6%         N/A       100%        6
 Ignition                 Fire           2%         3d3       100%        8
 Chain Lightning          Conj/Air       1%         3d2       100%        9
 Death's Door             Necr           1%         N/A       100%        9


Dungeon Overview and Level Annotations

Branches:
Dungeon (10/15)            Temple (1/1) D:6            Lair (1/6) D:8
    Orc (0/2) D:9         Volcano (visited)

Altars:
Ashenzari
Cheibriados
Dithmenos
Elyvilon
Fedhas
Gozag
Hepliaklqana
Kikubaaqudgha
Makhleb
Nemelex Xobeh
Okawaru
Qazlal
Ru
Sif Muna
Trog
Uskayaw
Vehumet
Wu Jian
Xom
Yredelemnul
Zin
The Shining One

Shops:
D:4 *   D:5 *   D:9 [((


Innate Abilities, Weirdness & Mutations

You are very small and have problems with some larger weapons.
You are too small for most types of armour.
You have supernaturally acute eyesight. (SInv)
You cover ground extremely quickly. (Speed+++)


Message History

Press: ? - help, Q - select action, (/) - cycle Shift-Dir - straight line, f/p - fire bat
Aim: a fire bat (heavily wounded, 54% to hit)
You throw a boomerang of dispersal.
The boomerang of dispersal hits the fire bat!
The fire bat is almost dead.
The fire bat closely misses you.
Throw: 5 boomerangs (disperse)
Press: ? - help, Q - select action, (/) - cycle Shift-Dir - straight line, f/p - fire bat
Aim: a fire bat (almost dead, 54% to hit)
You throw a boomerang of dispersal.
The boomerang of dispersal hits the fire bat!
The fire bat blinks!
The Council accepts your kill.
You feel a bit more experienced.
There is a rocky tunnel leading out of this place, spattered with blood here.
Welcome back to the Lair of Beasts!
There is a collapsed entrance here.
You start resting.
A black mamba comes into view.
You are too injured to fight recklessly!
Casting: Blink (safe; 2% risk of failure)
Press: ? - help, Q - select action, (/) - cycle Dir - look around, f - activate
Okay, then.
Unknown command.
Casting: Blink (safe; 2% risk of failure)
Press: ? - help, Q - select action, (/) - cycle Dir - look around, f - activate Look: a black mamba (wandering, hasn't noticed you)
You blink.
The black mamba hisses angrily.
The black mamba attacks as you move away!
You block the black mamba's attack.
The black mamba attacks as you move away!
The black mamba bites you.
You feel stable enough to blink again. The black mamba misses you.
The black mamba attacks as you move away!
The black mamba misses you.
There is a staircase back to the Dungeon here.
The black mamba bites you!!
You die...

,*
#..≈##*,.....,,^,,,,,**
**
##.†≈≈#**.....#,****,,,*
** #...≈≈##*.....#**
***** ,* #≈..≈≈≈#,.?...#
,**##[.≈####..,..# ,,*
#..####.###.#*
..###..###.....#*
...............###
...#.###.......S@#
#.*##*#....####..# #,*
##...#* #..# ,,**
#....#*#..# *,,*
#...##*.).# +,**
#....*##..# ****
*#....#*#..#
,,,****....##*...#****
,,,,,,,*,,,***,,,,,,,**


You could see a black mamba.

Vanquished Creatures
  Harold (D:9)
  A hydra (D:9)
  A catoblepas (D:9)
  8 two-headed ogres (D:10)
  Lodul (D:10)
  Pikel (D:8)
  A manticore (D:9)
  An ugly thing (D:10)
  Maggie (D:9)
  A troll (D:9)
  A fire bat (Volcano)
  A wyvern (D:9)
  A wraith (D:9)
  7 yaks
  2 vampire mosquitoes (D:9)
  A steam dragon (D:6)
  An acid dragon (D:8)
  Duvessa (D:4)
  A hell hound (Volcano)
  An ice beast (D:6)
  2 sky beasts
  2 black bears
  6 orc warriors
  2 ogres
  A boggart (D:9)
  10 centaurs
  4 lemures (D:8)
  A gnoll sergeant (D:8)
  4 bullfrogs
  10 wights
  Dowan (D:4)
  4 killer bees
  2 jellies
  3 howler monkeys
  6 hounds
  5 orc priests
  2 gnoll shamans
  7 orc wizards
  4 iguanas
  15 gnolls
  18 adders
  2 shadow imps
  2 white imps
  2 ufetubi (D:6)
  2 worms
  2 dart slugs
  32 orcs
  9 bats
  7 endoplasms
  5 giant cockroaches
  3 goblins
  4 hobgoblins
  8 jackals
  A quokka (D:5)
  10 ball pythons
  5 frilled lizards
  10 kobolds
  3 rats
250 creatures vanquished.

Vanquished Creatures (others)
  A centaur (Volcano)
  A fungus (D:8)
  A plant (D:8)
3 creatures vanquished.

Grand Total: 253 creatures vanquished

Notes
Turn   | Place    | Note
-------+----------+-------------------------------------------
     0 | D:1      | oldmanjim the Spriggan Warper began the quest for the Orb.
     0 | D:1      | Reached XP level 1. HP: 10/10 MP: 5/5
   429 | D:1      | Reached skill level 1 in Stealth
   608 | D:1      | Reached XP level 2. HP: 14/14 MP: 6/6
  1591 | D:1      | Learned a level 2 spell: Blink
  1703 | D:2      | Reached XP level 3. HP: 17/18 MP: 8/8
  2558 | D:2      | Found a faded altar of an unknown god.
  2562 | D:2      | Prayed at the altar of an unknown god.
  2562 | D:2      | Became a worshipper of the Wu Jian Council
  2562 | D:2      | Reached * piety under Wu Jian
  2643 | D:2      | Reached skill level 5 in Dodging
  2643 | D:2      | Reached XP level 4. HP: 22/22 MP: 9/9
  2688 | D:2      | Reached skill level 5 in Translocations
  3411 | D:4      | Reached XP level 5. HP: 25/25 MP: 10/10
  3414 | D:4      | Got the Guide on the Floating Entourage
  3419 | D:4      | Learned a level 3 spell: Teleport Other
  3442 | D:4      | Found Ricliss's General Store.
  3482 | D:4      | Reached skill level 5 in Stealth
  3906 | D:4      | Reached skill level 1 in Slings
  3993 | D:4      | Bought a scroll of fog for 22 gold pieces
  3993 | D:4      | Bought a scroll of identify for 22 gold pieces
  3993 | D:4      | Bought a potion of curing for 33 gold pieces
  4002 | D:4      | Noticed Dowan
  4136 | D:4      | Noticed Duvessa
  4433 | D:3      | Reached XP level 6. HP: 13/30 MP: 12/12
  4641 | D:4      | Identified the +10 hunting sling of Nunluomy {venom, *Slow
                  | rPois rC+++ Int-5}
  4738 | D:3      | Reached skill level 2 in Slings
  4745 | D:3      | Reached ** piety under Wu Jian
  5434 | D:4      | Reached skill level 3 in Slings
  5495 | D:4      | Killed Duvessa
  5496 | D:4      | Reached skill level 4 in Slings
  5496 | D:4      | Reached skill level 1 in Shields
  5496 | D:4      | Reached XP level 7. HP: 33/33 MP: 14/14
  5585 | D:4      | Killed Dowan
  5627 | D:4      | Reached skill level 5 in Slings
  5841 | D:5      | Entered Level 5 of the Dungeon
  6112 | D:5      | Found Hiasemann's Serpentskin Sales.
  6200 | D:5      | Found an iron altar of Okawaru.
  6224 | D:5      | Reached *** piety under Wu Jian
  6225 | D:5      | Reached skill level 6 in Slings
  6353 | D:5      | Reached XP level 8. HP: 37/37 MP: 15/15
  6475 | D:5      | You fall into a shaft and drop 2 floors!
  6943 | D:6      | Found a staircase to the Ecumenical Temple.
  6968 | D:6      | Reached skill level 7 in Slings
  6994 | Temple   | Entered the Ecumenical Temple
  7350 | D:6      | Reached skill level 8 in Slings
  7489 | D:6      | Found a burning altar of Makhleb.
  7537 | D:6      | Found a glowing silver altar of Zin.
  7671 | D:7      | Reached skill level 9 in Slings
  7700 | D:7      | Identified the +2 chain mail of Watchfulness {Rampage}
  7959 | D:7      | Reached skill level 10 in Slings
  8059 | D:7      | Reached XP level 9. HP: 39/41 MP: 16/16
  9068 | D:8      | Noticed Pikel
  9076 | D:8      | Killed Pikel
  9077 | D:8      | Reached skill level 11 in Slings
  9077 | D:8      | Reached skill level 5 in Spellcasting
  9675 | D:8      | Found a staircase to the Lair.
  9768 | D:8      | Reached skill level 5 in Shields
  9774 | D:8      | Reached **** piety under Wu Jian
  9775 | D:8      | Reached skill level 12 in Slings
  9839 | D:8      | Reached XP level 10. HP: 46/46 MP: 18/18
 10381 | D:9      | Found Ixiumih's Antique Armour Emporium.
 10457 | D:9      | Noticed Maggie
 10482 | D:9      | Killed Maggie
 10513 | D:9      | Found a shadowy altar of Dithmenos.
 10513 | D:9      | Found a snail-covered altar of Cheibriados.
 10584 | D:9      | Found Toxeecish's Antique Weapon Emporium.
 10712 | D:9      | Noticed a seven-headed hydra
 10715 | D:9      | Noticed a manticore
 10729 | D:9      | Killed a manticore
 10730 | D:9      | Reached skill level 13 in Slings
 10753 | D:9      | Killed a seven-headed hydra
 10754 | D:9      | Reached skill level 1 in Evocations
 10844 | D:9      | Noticed a catoblepas
 10874 | D:9      | Killed a catoblepas
 10875 | D:9      | Reached skill level 14 in Slings
 10949 | D:9      | Found a staircase to the Orcish Mines.
 11088 | D:9      | Found Liocetui's Weapon Shop.
 11134 | D:9      | Got the Disquisition on Stolen Souls and Transformation
 11179 | D:9      | Found a white marble altar of Elyvilon.
 11185 | D:9      | Noticed Harold
 11207 | D:9      | Killed Harold
 11208 | D:9      | Reached XP level 11. HP: 52/52 MP: 19/19
 11625 | D:10     | Entered Level 10 of the Dungeon
 11697 | D:10     | Found a basalt altar of Yredelemnul.
 11714 | D:10     | Found a hide-covered altar of Uskayaw.
 11749 | D:10     | Noticed a two-headed ogre
 11764 | D:10     | Killed a two-headed ogre
 11765 | D:10     | Reached skill level 5 in Evocations
 11807 | D:10     | Noticed a white ugly thing
 11832 | D:10     | Killed a white ugly thing
 11965 | D:10     | Noticed a two-headed ogre
 11994 | D:10     | Killed a two-headed ogre
 11994 | D:10     | Reached ***** piety under Wu Jian
 12040 | D:10     | Noticed a two-headed ogre
 12053 | D:10     | Killed a two-headed ogre
 12054 | D:10     | Reached skill level 15 in Slings
 12210 | D:10     | Found a sparkling altar of Nemelex Xobeh.
 12236 | D:10     | Found a sacrificial altar of Ru.
 12336 | D:10     | Noticed a two-headed ogre
 12361 | D:10     | Killed a two-headed ogre
 12383 | D:10     | Noticed a two-headed ogre
 12383 | D:10     | Noticed a two-headed ogre
 12385 | D:10     | Noticed Lodul
 12413 | D:10     | Killed a two-headed ogre
 12421 | D:10     | Killed a two-headed ogre
 12427 | D:10     | Learned a level 4 spell: Petrify
 12431 | D:10     | Noticed a two-headed ogre
 12434 | D:10     | Noticed a two-headed ogre
 12449 | D:10     | Killed a two-headed ogre
 12450 | D:10     | Reached skill level 1 in Transmutations
 12480 | D:10     | Killed a two-headed ogre
 12585 | D:10     | Killed Lodul
 12984 | Lair:1   | Entered Level 1 of the Lair of Beasts
 12996 | Lair:1   | Found a dark tunnel.
 13007 | Volcano  | Entered a volcano
 13064 | Volcano  | HP: 2/53 [fire bat (1)]
 13198 | Lair:1   | Slain by a black mamba

Illustrated notes

Levels and vault maps discovered:
D:1:      minmay_arrival_three_doors, layout_loops_corners
D:2:      cheibrodos_helix_gallery, layout_basic,
          nicolae_ecumenical_lake_church, kennysheep_nub
D:3:      layout_loops_corners, grunt_ministairs_9, minmay_misc_feat_rows,
          kennysheep_generic_room_9
D:4:      layout_cave_pools, serial_shops, shop_statue, uniq_duvessa
D:5:      layout_gridville, okawaru_trees_2, guppyfry_shop_venom
D:6:      layout_rooms, mainiacjoe_overflow_cross_hatched,
          mainiacjoe_overflow_brackets, minmay_temple_entry_junction_2
D:7:      layout_loops_ring
D:8:      layout_cave_pools, dpeg_oklobed_lair, serial_column_ruins,
          column_ruins_square_large, column_ruins_circle_medium,
          column_ruins_open_tiny, column_ruins_corridor_straight,
          column_ruins_columns_dead_end, column_ruins_open_tiny,
          column_ruins_open_small, column_ruins_open_tiny,
          column_ruins_corridor_water, centaur_isle, uniq_pikel
D:9:      minmay_the_grid_triangle_9x9_rhombus_thin_mashed
          [minmay_the_grid_triangle_9x9_limited_checkers,
          minmay_the_grid_triangle_9x9_prize_schism,
          minmay_the_grid_triangle_9x9_wacky_v,
          minmay_the_grid_triangle_9x9_dagger], layout_stronghold,
          gammafunk_temple_overflow_wave, mainiacjoe_overflow_small_starburst,
          serial_shops, nicolae_shop_crystal, nicolae_take_the_stairs,
          nicolae_shop_behind_doors, uniq_maggie, uniq_harold
D:10:     layout_irregular_city, general_overflow_altar, lemuel_round_altar,
          mainiacjoe_overflow_alcove_4, nemelex_spade_bored_becter, uniq_lodul
Temple:   minmay_temple_bridge_abc
Lair:1:   layout_gridlike, gammafunk_ghost_wrathful_warriors,
          nicolae_volcano_entry_hallway, chequers_serial_rivers_micro_b,
          grunt_megastairs_1

Skill      XL: |  1  2  3  4  5  6  7  8  9 10 11 |
---------------+----------------------------------+-----
Stealth        | 1 3 4 5 6 7 |  7.0
Dodging        | 4 5 6 8 9 |  9.6
Translocations | 6 7 |  7.0
Spellcasting   | 3 4 5 6 |  6.0
Slings         | 1 4 6 10 12 14 15 | 15.9
Shields        | 1 2 3 5 |  5.0
Fighting       | 2 3 4 |  4.0
Evocations     | 4 5 |  5.0
Transmutations | 4 |  4.7
Short Blades   | |  2.1
Throwing       | |  1.0
Earth Magic    | |  0.5

Action                   |  1- 3 |  4- 6 |  7- 9 | 10-12 || total
-------------------------+-------+-------+-------+-------++-------
Melee: Short sword       |   113 |       |       |       ||   113
       Dagger            |    17 |    88 |       |       ||   105
 Fire: Hunting sling     |       |    46 |   232 |   221 ||   499
Throw: Stone             |    12 |     4 |       |       ||    16
       Dart              |     4 |     6 |       |       ||    10
       Boomerang         |       |       |       |     3 ||     3
 Cast: Blink             |     1 |       |       |     4 ||     5
Invok: Lunge             |       |     5 |       |       ||     5
       Whirlwind         |       |     4 |       |       ||     4
Evoke: Wand              |       |       |       |     1 ||     1
  Use: Scroll            |       |     3 |    14 |     6 ||    23
       Potion            |       |       |       |     1 ||     1
 Stab: Sleeping          |     3 |     4 |       |       ||     7
Armor: Robe              |    13 |     1 |       |       ||    14
       Steam dragon scal |       |       |     2 |     1 ||     3
Dodge: Dodged            |   106 |    79 |    36 |    40 ||   261
Block: Buckler           |       |       |    16 |    24 ||    40

Table legend: (Time is in decaauts)
 A = Elapsed time spent in this place.
 B = Non-inter-level travel time spent in this place.
 C = Inter-level travel time spent in this place.
 D = Time resting spent in this place.
 E = Time spent auto-exploring this place.
 F = Levels seen in this place.
 G = Mean time per level.
                   A        B        C        D        E       F      G
               +--------+--------+--------+--------+--------+-----+--------+
         Total |   9874 |   9494 |    380 |   2656 |   4482 |  13 |  759.5 |
       Dungeon |   9578 |   9211 |    367 |   2553 |   4382 |  10 |  957.8 |
        Temple |    117 |    104 |     13 |      0 |    100 |   1 |  117.0 |
          Lair |    125 |    125 |      0 |    103 |      0 |   1 |  125.0 |
       Volcano |     52 |     52 |      0 |      0 |      0 |   1 |   52.0 |
               +--------+--------+--------+--------+--------+-----+--------+

Top non-repeatable levels by time:
     D:1: 1549 daAuts
     D:7: 1207 daAuts
     D:3: 1187 daAuts
     D:8: 1040 daAuts
     D:4: 970 daAuts
     D:2: 939 daAuts
    D:10: 936 daAuts
     D:9: 816 daAuts
     D:5: 555 daAuts
     D:6: 377 daAuts
  Lair:1: 125 daAuts
  Temple: 117 daAuts
 Volcano: 52 daAuts
